 Dungeon Crawl Stone Soup version 0.21-a0-150-gc243083 (webtiles) character file.

9086 KristoblXynda the Covert (level 11, -5/67 HPs)
             Began as an Octopode Monk on July 27, 2017.
             Was a High Priest of Dithmenos.
             Slain by a freezing wraith (7 damage)
             ... in an ice cave.
             The game lasted 00:29:25 (11464 turns).

KristoblXynda the Covert (Octopode Monk)           Turns: 11464, Time: 00:29:26

Health: -5/67      AC:  8    Str: 13    XL:     11   Next: 41%
Magic:  15/15      EV: 28    Int: 13    God:    Dithmenos [*****.]
Gold:   489        SH:  0    Dex: 25    Spells: 14/15 levels left

rFire    + . .     SeeInvis .   o - +4 dagger (protect)
rCold    + + .     Gourm    .   (no shield)
rNeg     . . .     Faith    .   (helmet restricted)
rPois    +         Spirit   .   q - amulet of regeneration
rElec    +         Reflect  .   u - ring of protection from cold
rCorr    +         Harm     .   s - +2 ring of dexterity
MR       .....                  G - +3 ring of dexterity
Stlth    +++++++...             (no ring)
HPRegen  0.61/turn              (no ring)
MPRegen  0.14/turn              (no ring)
                                (no ring)
                                (no ring)

@: confused, agile, resistant, protection aura, very slightly contaminated,
hasted and slowed, wreathed by umbra
A: almost no armour, stealthy swim, amphibious, 8 rings, constrict 8, camouflage
1, gelatinous body 1
a: Shadow Step, Shadow Form, Renounce Religion


You were in an ice cave.
You worshipped Dithmenos.
Dithmenos was extremely pleased with you.
You were not hungry.

You visited 3 branches of the dungeon, and saw 13 of its levels.
You also visited: Sewer and Ice Cave.

You collected 489 gold pieces.

Inventory:

Hand Weapons
 o - a +4 dagger of protection (weapon)
 r - a +1 dagger of speed
Missiles
 g - 2 throwing nets (quivered)
 B - 4 javelins of returning
Jewellery
 q - an amulet of regeneration (around mantle)
 s - a +2 ring of dexterity (right tentacle)
 u - a ring of protection from cold (left tentacle)
 G - a +3 ring of dexterity (on tentacle)
Wands
 z - a wand of enslavement (0/24)
Scrolls
 b - 2 scrolls of enchant armour
 y - 2 scrolls of magic mapping
 D - a scroll of teleportation
 H - a scroll of remove curse
Potions
 c - 2 potions of mutation
 d - a potion of cancellation
 e - a potion of agility
 i - 2 potions of haste
 j - 3 potions of brilliance
 m - a potion of invisibility
 t - 5 potions of flight
 v - 4 potions of curing
 E - a potion of magic
Comestibles
 a - 4 bread rations
 f - 13 royal jellies
 k - 4 fruits
 n - 4 meat rations


   Skills:
 - Level 3.0 Fighting
 - Level 6.8 Short Blades
 - Level 5.4 Throwing
 + Level 9.4 Dodging
 + Level 13.0 Stealth
 - Level 4.0 Unarmed Combat
 + Level 2.5 Spellcasting
 - Level 3.1 Invocations
 + Level 6.4 Evocations


You had 14 spell levels left.
You knew the following spells:

 Your Spells              Type           Power        Failure   Level  Hunger
a - Beastly Appendage     Tmut           #.....       24%         1    #......


Dungeon Overview and Level Annotations

Branches:
Dungeon (11/15)            Temple (1/1) D:7            Lair (1/6) D:10
    Orc: D:9-12

Altars:
Ashenzari
Cheibriados
Dithmenos
Elyvilon
Fedhas
Gozag
Hepliaklqana
Kikubaaqudgha
Makhleb
Nemelex Xobeh
Qazlal
Ru
Sif Muna
Trog
Uskayaw
Vehumet
Wu Jian
Xom
Yredelemnul
Zin
The Shining One
Jiyva

Shops:
D:5 !


Innate Abilities, Weirdness & Mutations

You cannot wear most types of armour.
You are very stealthy in the water. (Stealth+)
You are amphibious.
You can wear up to eight rings at the same time.
You can use your tentacles to constrict eight enemies at once.
Your skin changes colour to match your surroundings (Stealth+).
Your rubbery body absorbs attacks. (AC +1, EV +1)


Message History

* * * LOW HITPOINT WARNING * * *
The freezing wraith completely misses you. x2
The freezing wraith barely misses you.
You hit the freezing wraith but do no damage.
The freezing wraith is lightly damaged.
The freezing wraith completely misses you.
The freezing wraith misses you. The freezing wraith closely misses you.
The freezing wraith misses you.
Unknown command.
You feel better. The freezing wraith hits you!
* * * LOW HITPOINT WARNING * * *
The freezing wraith freezes you! You resist.
* * * LOW HITPOINT WARNING * * *
The freezing wraith misses you. x2; The freezing wraith closely misses you.
You are confused.
You feel invigorated. The freezing wraith barely misses you.
The freezing wraith closely misses you. The freezing wraith hits you.
* * * LOW HITPOINT WARNING * * *
The freezing wraith freezes you! You resist.
You die...

#### ##..## ##....##
#### #......# ##..######
##.....# ##....##..##
###......##
#..........###.........#
#.∩.∩.......#W@W.......#
#.......##....##.......#
##....#####..####.....##
##..## #### #.W....#
#### ##....## ##...# ###
##..## ##.## ##..#
##...# #..####....#


You could see 2 freezing wraiths.

Vanquished Creatures
  Erica (D:8)
  A two-headed ogre (D:9)
  Pikel (D:6)
  2 centaur zombies
  A spiny frog (Lair:1)
  A komodo dragon (D:10)
  A hornet (D:10)
  A troll (D:10)
  A wolf spider simulacrum (IceCv)
  2 hippogriffs (D:10)
  2 death yak simulacra (IceCv)
  A steam dragon (D:8)
  A hungry ghost (D:6)
  3 water moccasins
  5 ice beasts (IceCv)
  A slave (D:6)
  A black bear (D:8)
  A necrophage (D:8)
  A sky beast (D:6)
  4 ogres
  2 phantoms (D:9)
  6 centaurs
  2 big kobolds
  6 bullfrogs
  A wyvern zombie (D:10)
  4 scorpions
  4 killer bees (D:9)
  A howler monkey (D:4)
  5 crimson imps
  2 quasits
  2 bullfrog zombies
  4 jellies
  A gnoll shaman (D:4)
  2 orc priests (D:5)
  9 orc wizards
  A centaur skeleton (D:8)
  An iguana (D:9)
  13 worker ants
  A killer bee zombie (D:5)
  A polar bear simulacrum (IceCv)
  A hound skeleton (D:8)
  A hound zombie (D:8)
  2 worker ant zombies
  12 gnolls
  7 adders
  2 river rats (Sewer)
  3 shadow imps
  5 white imps (IceCv)
  6 oozes
  An adder zombie (D:8)
  3 worms
  2 dart slugs (D:1)
  9 leopard geckos
  24 orcs
  3 ball pythons
  9 giant cockroaches
  8 goblins
  10 hobgoblins
  10 jackals
  7 quokkas
  5 bats
  5 frilled lizards
  A jackal skeleton (D:5)
  13 kobolds
  2 leopard gecko skeletons
  A leopard gecko zombie (D:6)
  A quokka skeleton (D:5)
  11 rats
264 creatures vanquished.

Vanquished Creatures (collateral kills)
  A sky beast (D:8)
  An orc warrior (D:7)
2 creatures vanquished.

Vanquished Creatures (others)
  A two-headed ogre (D:8)
  A troll (D:8)
  A worker ant (D:6)
  2 fungi (Lair:1)
  A plant (Lair:1)
6 creatures vanquished.

Grand Total: 272 creatures vanquished

Notes
Turn   | Place    | Note
-------+----------+-------------------------------------------
     0 | D:1      | KristoblXynda the Octopode Monk began the quest for the Orb.
     0 | D:1      | Reached XP level 1. HP: 16/16 MP: 1/1
   266 | D:1      | Reached skill level 3 in Stealth
   296 | D:1      | Reached XP level 2. HP: 21/21 MP: 2/2
   631 | D:1      | Reached XP level 3. HP: 25/26 MP: 3/3
  1624 | D:2      | Reached skill level 4 in Stealth
  1624 | D:2      | Reached XP level 4. HP: 26/31 MP: 4/4
  2243 | D:3      | Found a shadowy altar of Dithmenos.
  2898 | D:3      | Became a worshipper of Dithmenos the Shadowed
  2898 | D:3      | Reached * piety under Dithmenos
  2898 | D:3      | Reached ** piety under Dithmenos
  2918 | D:3      | Reached skill level 1 in Short Blades
  2918 | D:3      | Reached XP level 5. HP: 27/36 MP: 5/5
  3291 | D:4      | Reached skill level 5 in Stealth
  3313 | D:4      | Reached skill level 1 in Invocations
  3434 | D:4      | Reached XP level 6. HP: 42/42 MP: 6/6
  3643 | D:4      | Found an opulent altar of Gozag.
  3791 | D:4      | Reached skill level 6 in Stealth
  3818 | D:4      | HP: 2/42 [ogre/giant spiked club (18)]
  3839 | D:4      | Reached XP level 7. HP: 43/46 MP: 7/9
  4692 | D:5      | Entered Level 5 of the Dungeon
  4722 | D:5      | Found a glowing drain.
  4728 | Sewer    | Entered a sewer
  4730 | Sewer    | Reached *** piety under Dithmenos
  4877 | Sewer    | Reached skill level 7 in Stealth
  4916 | Sewer    | Found a white marble altar of Elyvilon.
  5000 | D:5      | Found a white marble altar of Elyvilon.
  5004 | D:5      | Found Tudeesk's Distillery.
  5042 | D:5      | Reached XP level 8. HP: 52/52 MP: 10/10
  5086 | D:5      | Reached skill level 5 in Dodging
  5117 | D:5      | Reached skill level 8 in Stealth
  5372 | D:5      | Found a stormy altar of Qazlal.
  5397 | D:5      | Reached **** piety under Dithmenos
  5397 | D:5      | Reached skill level 5 in Short Blades
  5528 | D:6      | Found a glowing golden altar of the Shining One.
  5530 | D:6      | Found a shimmering altar of Xom.
  5710 | D:6      | Noticed Pikel
  5742 | D:6      | Reached skill level 9 in Stealth
  5778 | D:6      | Killed Pikel
  5778 | D:6      | Reached skill level 10 in Stealth
  5778 | D:6      | Reached XP level 9. HP: 37/56 MP: 11/11
  6316 | D:6      | Reached skill level 1 in Throwing
  6622 | D:7      | Found a burning altar of Makhleb.
  6927 | D:7      | Found a staircase to the Ecumenical Temple.
  6929 | D:7      | Found a hide-covered altar of Uskayaw.
  6943 | Temple   | Entered the Ecumenical Temple
  7290 | D:7      | Learned a level 1 spell: Beastly Appendage
  7841 | D:8      | Reached skill level 1 in Evocations
  7967 | D:8      | Noticed a two-headed ogre
  7969 | D:8      | Noticed Erica
  7988 | D:8      | Noticed a troll
  8018 | D:8      | Reached skill level 11 in Stealth
  8032 | D:9      | Reached XP level 10. HP: 54/63 MP: 12/12
  8237 | D:9      | Noticed a two-headed ogre
  8244 | D:9      | Killed a two-headed ogre
  9021 | D:10     | Entered Level 10 of the Dungeon
  9218 | D:10     | Found a staircase to the Lair.
  9448 | D:10     | Reached skill level 12 in Stealth
  9521 | D:10     | Reached skill level 5 in Throwing
  9651 | D:10     | Reached skill level 5 in Evocations
  9717 | D:10     | Reached ***** piety under Dithmenos
  9967 | D:10     | Reached XP level 11. HP: 67/67 MP: 14/14
 10174 | D:8      | Killed Erica
 10174 | D:8      | Reached skill level 1 in Spellcasting
 11059 | D:8      | Found a viscous altar of Jiyva.
 11195 | Lair:1   | Entered Level 1 of the Lair of Beasts
 11262 | Lair:1   | Found a frozen archway.
 11272 | IceCv    | Entered an ice cave
 11280 | IceCv    | Reached skill level 13 in Stealth
 11463 | IceCv    | HP: 2/67 [freezing wraith (7)]
 11464 | IceCv    | Slain by a freezing wraith

Vault maps used:
D:1:      minmay_arrival_shattered_statue, minmay_misc_feat_tiny
D:2:      glass_columns_b
D:3:      serial_forest, infiniplex_forest_fountain, infiniplex_forest_pool,
          infiniplex_forest_3_way, infiniplex_forest_clump_small,
          infiniplex_forest_lined_4_way, infiniplex_forest_lined_room_2,
          infiniplex_forest_clump_cross, infiniplex_forest_clump_tiny,
          grunt_dithmenos_smoke_and_mirrors
D:4:      first_bread, serial_park_tiny_1,
          nicolae_gozag_cash_rules_everything_around_me
D:5:      nicolae_overflow_hidden_temple, serial_shops, shop, basic_altar,
          gup_sewer_entry_pipe
D:6:      grunt_temple_overflow_open, uniq_pikel
D:7:      bloody_makhleb, lemuel_crystal_altar, minmay_temple_entry_overgrown
D:8:      kennysheep_ambush_hall, hangedman_little_slice_of_home, uniq_erica
D:10:     lair_entry_dummy, grunt_decor_fettered
D:11:     uniq_erolcha
Temple:   lightli_temple_of_artemis
Lair:1:   minmay_lair_venomous_thicket, basic_altar,
          portal_ice_cave_entry_ice_beasts
Sewer:    sewer_kobolds
IceCv:    ice_cave_small_necro

Skill      XL: |  1  2  3  4  5  6  7  8  9 10 11 |
---------------+----------------------------------+-----
Stealth        | 3 4 5 6 7 10 11 12 13 | 13.0
Unarmed Combat | 4 |  4.0
Short Blades   | 1 2 3 4 6 |  6.8
Dodging        | 4 6 7 8 9 |  9.4
Invocations    | 1 2 3 |  3.1
Throwing       | 3 5 |  5.4
Evocations     | 2 5 6 |  6.4
Spellcasting   | 2 |  2.5
Fighting       | |  3.0

Action                   |  1- 3 |  4- 6 |  7- 9 | 10-12 || total
-------------------------+-------+-------+-------+-------++-------
Melee: Unarmed           |    58 |       |       |       ||    58
       Constrict         |    18 |    29 |    62 |    30 ||   139
       Tentacles         |     8 |    22 |    78 |    85 ||   193
       Dagger            |     8 |   122 |   329 |   295 ||   754
       Punch             |     1 |     5 |    11 |    20 ||    37
Throw: Throwing net      |       |       |       |     1 ||     1
Evoke: Wand              |       |       |     7 |       ||     7
  Use: Scroll            |       |    12 |    11 |     5 ||    28
       Potion            |       |     1 |     3 |    12 ||    16
 Stab: Sleeping          |    17 |     8 |    37 |    26 ||    88
       Held in net/web   |       |       |       |     2 ||     2
  Eat: Chunk             |     2 |     7 |     6 |     2 ||    17
       Fruit             |       |       |     5 |     1 ||     6
       Meat ration       |       |       |     2 |     1 ||     3
Armor: Skin              |     2 |    17 |    36 |    16 ||    71
Dodge: Dodged            |    28 |    71 |   233 |   281 ||   613
